 Dungeon Crawl Stone Soup version 0.21.1-1-g345015f (webtiles) character file.

1173 Krilegs the Chopper (level 8, 0/69 HPs)
             Began as a White Draconian Berserker on May 8, 2018.
             Was a Priest of Trog.
             Slain by a gnoll
             ... wielding a +0 spear
              (2 damage)
             ... on level 7 of the Dungeon.
             The game lasted 00:12:34 (4964 turns).

Krilegs the Chopper (White Draconian Berserker)     Turns: 4964, Time: 00:12:34

Health: 0/69       AC:  9    Str: 22    XL:     8   Next: 18%
Magic:  7/8        EV: 11    Int:  8    God:    Trog [***...]
Gold:   361        SH:  9    Dex: 10    Spells: 7/7 levels left

rFire    . . .     SeeInvis .   a - +0 hand axe
rCold    + + .     Gourm    .   k - +0 shield
rNeg     . . .     Faith    .   (armour unavailable)
rPois    .         Spirit   .   (helmet restricted)
rElec    .         Reflect  .   (no cloak)
rCorr    .         Harm     .   q - +2 pair of gloves
MR       .....                  (no boots)
Stlth    +.........             (no amulet)
HPRegen  0.21/turn              c - ring of protection from cold
MPRegen  0.11/turn              r - ring of flight

@: flying
A: breathe frost, unfitting armour, cold resistance 1, cold-blooded, AC +6
a: Breathe Frost, Berserk, Trog's Hand, Burn Spellbooks, Renounce Religion, Stop
Flying


You were on level 7 of the Dungeon.
You worshipped Trog.
Trog was most pleased with you.
You were very hungry.

You visited 1 branch of the dungeon, and saw 5 of its levels.

You collected 361 gold pieces.

Inventory:

Hand Weapons
 a - a +0 hand axe (weapon)
Armour
 k - a +0 shield (worn)
 q - a +2 pair of gloves (worn)
Jewellery
 c - a ring of protection from cold (left hand)
 g - an uncursed ring of ice
 r - a ring of flight (right hand)
 t - an uncursed ring of protection from magic {unknown}
Wands
 d - a wand of random effects (21)
 i - a wand of polymorph (15)
 m - a wand of paralysis (1)
Scrolls
 e - 3 scrolls of remove curse
 f - 11 scrolls of identify
 l - a scroll of enchant weapon
 n - a scroll of teleportation
 o - 3 scrolls of blinking
Potions
 h - 2 potions of berserk rage
 j - a potion of brilliance
 p - a potion of curing
 s - a potion of heal wounds {unknown}
Comestibles
 b - 7 rations


   Skills:
 + Level 5.4 Fighting
 + Level 6.8 Axes
 + Level 5.2 Dodging
 + Level 3.8 Shields
 + Level 0.1 Evocations


You had 7 spell levels left.
You didn't know any spells.

Dungeon Overview and Level Annotations

Branches:
Dungeon (4/15)             Temple (0/1) D:4

Altars:
Ashenzari
Elyvilon
Hepliaklqana
Ru
Wu Jian


Innate Abilities, Weirdness & Mutations

You can breathe waves of freezing cold.
You can buffet flying creatures when you breathe cold.
Your icy white scales are hard. (AC +6)
You cannot fit into any form of body armour.
Your flesh is cold resistant. (rC+)
You are cold-blooded and may be slowed by cold attacks.


Message History

* * * LOW HITPOINT WARNING * * *
You hit the killer bee.
The killer bee is almost dead.
The killer bee stings you but does no damage.
The gnoll closely misses you.
The killer bee stings you but does no damage.
You miss the killer bee.
The killer bee is almost dead.
The killer bee stings you.
* * * LOW HITPOINT WARNING * * *
The killer bee stings you but does no damage.
The gnoll hits you from afar with a spear!
* * * LOW HITPOINT WARNING * * *
You block the killer bee's attack.
You feel very buoyant.
You fly up into the air.
You feel somewhat more hungry. The killer bee stings you.
* * * LOW HITPOINT WARNING * * *
The gnoll hits you from afar with a spear.
You die...

... .. #.. ... #.# .. ... #.# #.#
#.# #.# #.## #.# ##.# ##..##
+#.#+ ##..#
#....###...###...######## #..
#........8..............# ....#
#....###@..###...######.# ....#
#...##Zy#.#'.##..# #.#
...######..##..g#.#...##.######.#
...##......#...##.##...#........#
...##...)..#$.##...##..#.######..
...##......####.....####.# #.#
.........................# #..
...##.....######..##...### ##.
..###.....# #.#####..# ###..


You could see a killer bee, a gnoll and a bullfrog skeleton.

Vanquished Creatures
  A hungry ghost (D:7)
  A water moccasin (D:7)
  2 ogres (D:7)
  A centaur (D:4)
  2 bullfrogs
  A killer bee (D:4)
  2 jellies (D:7)
  An orc priest (D:7)
  2 orc wizards
  A hound (D:7)
  Jessica (D:2)
  2 worker ants
  Terence (D:2)
  A hound skeleton (D:4)
  2 worker ant zombies
  3 gnolls (D:3)
  A howler monkey skeleton (D:4)
  6 adders
  2 dart slugs
  4 leopard geckos
  14 orcs
  7 bats
  2 giant cockroaches
  11 hobgoblins
  3 jackals
  8 kobolds
  3 quokkas
  2 ball pythons
  4 frilled lizards
  A giant cockroach zombie (D:2)
  13 goblins
  A quokka skeleton (D:4)
  10 rats
116 creatures vanquished.

Vanquished Creatures (others)
  5 toadstools (D:1)
5 creatures vanquished.

Grand Total: 121 creatures vanquished

Notes
Turn   | Place    | Note
-------+----------+-------------------------------------------
     0 | D:1      | Krilegs the Draconian Berserker began the quest for the Orb.
     0 | D:1      | Reached XP level 1. HP: 19/19 MP: 1/1
   117 | D:1      | Reached XP level 2. HP: 26/26 MP: 2/2
   530 | D:1      | Reached XP level 3. HP: 33/33 MP: 3/3
   747 | D:2      | Found a shattered altar of Ashenzari.
   817 | D:2      | Noticed Jessica
   832 | D:2      | Killed Jessica
   832 | D:2      | Reached XP level 4. HP: 18/40 MP: 4/4
  1035 | D:2      | Reached ** piety under Trog
  1097 | D:2      | Reached skill level 4 in Axes
  1393 | D:2      | Noticed Terence
  1428 | D:2      | Killed Terence
  1464 | D:2      | Noticed a bullfrog
  1474 | D:2      | Killed a bullfrog
  1474 | D:2      | Reached XP level 5. HP: 14/46 MP: 5/5
  1816 | D:2      | Reached skill level 1 in Shields
  2423 | D:3      | Found a hazy altar of Hepliaklqana.
  3001 | D:3      | Found a white marble altar of Elyvilon.
  3001 | D:3      | Found an ornate altar of the Wu Jian Council.
  3081 | D:3      | Reached *** piety under Trog
  3142 | D:3      | Reached XP level 6. HP: 20/53 MP: 6/6
  3568 | D:4      | Reached skill level 5 in Axes
  3750 | D:4      | Found a staircase to the Ecumenical Temple.
  3932 | D:4      | Found a transporter.
  3939 | D:4      | Found a transporter.
  3944 | D:4      | Found a sacrificial altar of Ru.
  3957 | D:4      | Your scales start taking on an icy white colour.
  3957 | D:4      | Reached XP level 7. HP: 48/60 MP: 7/7
  3957 | D:4      | Gained mutation: Your flesh is cold resistant. (rC+) [White Draconian growth]
  4150 | D:4      | You fall through a shaft for 3 floors!
  4184 | D:7      | Reached skill level 5 in Fighting
  4499 | D:7      | Noticed a hungry ghost
  4526 | D:7      | Killed a hungry ghost
  4526 | D:7      | Reached skill level 6 in Axes
  4663 | D:7      | Reached skill level 5 in Dodging
  4694 | D:7      | Reached XP level 8. HP: 43/68 MP: 8/8
  4963 | D:7      | HP: 3/69 [gnoll/spear (7)]
  4964 | D:7      | Slain by a gnoll

Skill      XL: |  1  2  3  4  5  6  7 |
---------------+----------------------+-----
Dodging        | 3 4 5 |  5.2
Axes           | 4 5 6 |  6.8
Fighting       | 4 5 |  5.4
Shields        | 1 2 3 |  3.8
Evocations     | |  0.1

Action                   |  1- 3 |  4- 6 |  7- 9 || total
-------------------------+-------+-------+-------++-------
Melee: Hand axe          |    85 |   263 |   122 ||   470
       Tailslap          |    10 |    23 |    19 ||    52
Invok: Berserk           |       |     2 |     1 ||     3
       Trog's Hand       |       |     1 |       ||     1
 Abil: Breathe Frost     |       |       |     2 ||     2
       Evoke Flight      |       |       |     1 ||     1
Evoke: Wand              |     3 |       |       ||     3
  Use: Potion            |       |     6 |     5 ||    11
       Scroll            |       |     6 |     2 ||     8
  Eat: Chunk             |       |     4 |       ||     4
       Ration            |       |     3 |     2 ||     5
Armor: Skin              |    18 |    96 |    50 ||   164
Dodge: Dodged            |    43 |   138 |    45 ||   226
Block: Shield            |    13 |   116 |    58 ||   187
